 Dungeon Sprint DCSS version 0.22-a0-570-g58866f5 (webtiles) character file.

21098 emperorscorpion the Eclecticist (level 12, -6/79 HPs)
             Began as an Octopode Air Elementalist on June 30, 2018.
             Was the Champion of Sif Muna.
             Mangled by a nagaraja
             ... wielding a +0 spear
              (22 damage)
             ... in the Dungeon (Sprint IX: "|||||||||||||||||||||||||||||").
             The game lasted 00:19:56 (3989 turns).

emperorscorpion the Eclecticist (OpAE)              Turns: 3989, Time: 00:19:58

Health: -6/79      AC:  1    Str: 11    XL:     12   Next: 86%
Magic:  12/32      EV: 20    Int: 21    God:    Sif Muna [******]
Gold:   1930       SH:  0    Dex: 17    Spells: 16/44 levels left

rFire    + . .     SeeInvis .   a - staff of energy
rCold    . . .     Gourm    .   (no shield)
rNeg     . . .     Faith    .   (helmet restricted)
rPois    .         Spirit   .   (no amulet)
rElec    .         Reflect  .   q - +3 ring of dexterity
rCorr    .         Harm     .   r - +2 ring of evasion
MR       ++...     NoTele   +   y - +4 ring of strength
Stlth    +++++.....             D - ring of protection from fire
HPRegen  0.23/turn              E - ring of protection from magic
MPRegen  0.23/turn              F - ring of protection from magic
                                (no ring)
                                (no ring)

@: divine energy
A: almost no armour, stealthy swim, amphibious, 8 rings, constrict 8, camouflage
1, gelatinous body 1
a: Stop Divine Energy, Channel Magic, Forget Spell, Renounce Religion


You were in the Dungeon.
You worshipped Sif Muna.
Sif Muna was exalted by your worship.
You were hungry.

You visited 1 branch You collected 1930 gold pieces.

Inventory:

Hand Weapons
 b - a +0 shortbow
 i - a +0 dagger
 p - a +2 scimitar of flaming
Missiles
 j - 83 arrows
Magical Staves
 a - an uncursed staff of energy (weapon)
Jewellery
 q - a +3 ring of dexterity (left tentacle)
 r - a +2 ring of evasion (right tentacle)
 y - a +4 ring of strength (on tentacle)
 D - a ring of protection from fire (on tentacle)
 E - a ring of protection from magic (on tentacle)
 F - a ring of protection from magic (on tentacle)
Wands
 n - a wand of acid (1)
 A - a wand of disintegration (14)
 C - a wand of digging (12)
Scrolls
 h - 4 scrolls of blinking
 l - 6 scrolls of remove curse
 m - 2 scrolls of amnesia
 v - 2 scrolls of fear
 w - 2 scrolls of enchant weapon
 z - a scroll of fog
 H - 2 scrolls of enchant armour
Potions
 c - 5 potions of curing
 d - 8 potions of heal wounds
 e - 3 potions of haste
 f - 4 potions of magic
 g - 3 potions of berserk rage
 k - a potion of invisibility
 s - a potion of resistance
 t - a potion of mutation
 B - a potion of flight {unknown}
 G - a potion of brilliance
Miscellaneous
 u - a lamp of fire (inert)
Comestibles
 o - 10 rations


   Skills:
 + Level 6.0 Fighting
 - Level 5.7 Long Blades
 - Level 5.0 Bows
 + Level 7.0 Dodging
 + Level 7.6 Stealth
 + Level 16.7 Spellcasting
 + Level 9.7 Conjurations
 + Level 2.5 Charms
 + Level 0.8 Necromancy
 + Level 15.0 Air Magic
 * Level 12.1 Invocations
 * Level 12.1 Evocations


You had 16 spell levels left.
You knew the following spells:

 Your Spells              Type           Power        Failure   Level  Hunger
a - Shock                 Conj/Air       ####         1%          1    None
b - Blink                 Tloc           N/A          4%          2    None
c - Airstrike             Air            ######....   1%          4    None
d - Lightning Bolt        Conj/Air       ######....   1%          5    None
e - Deflect Missiles      Chrm/Air       ######....   14%         6    None
f - Venom Bolt            Conj/Pois      #####.....   12%         5    None
g - Swiftness             Chrm/Air       ######..     1%          2    None
r - Regeneration          Chrm/Necr      ###.......   4%          3    None

Your spell library contained the following spells:

 Spells                   Type           Power        Failure   Level  Hunger
 Apportation              Tloc           ###...       3%          1    None
 Bolt of Cold             Conj/Ice       #####.....   56%         6    None
 Controlled Blink         Tloc           N/A          100%        8    None
 Freezing Cloud           Conj/Ice/Air   ######....   17%         6    None
 Mephitic Cloud           Conj/Pois/Air  ######..     1%          3    None
 Teleport Other           Tloc           ###.....     10%         3    None
 Summon Small Mammal      Summ           ###.         3%          1    None
 Animate Skeleton         Necr           N/A          2%          1    None
 Poison Arrow             Conj/Pois      #####.....   56%         6    None
 Corpse Rot               Necr           N/A          3%          2    None
 Agony                    Necr           ###.....     54%         5    None
 Spider Form              Tmut/Pois      ###.......   10%         3    None
 Blade Hands              Tmut           ###.......   65%         5    None
 Necromutation            Tmut/Necr      ###.......   100%        8    None
 Throw Icicle             Conj/Ice       #####...     4%          4    None
 Confusing Touch          Hex            ###...       3%          1    None
 Sticks to Snakes         Tmut           ###.....     4%          2    None
 Metabolic Englaciation   Hex/Ice        ###.......   65%         5    None
 Silence                  Hex/Air        #####.....   4%          5    None
 Static Discharge         Conj/Air       ######..     1%          3    None
 Corona                   Hex            ###....      3%          1    None
 Conjure Ball Lightning   Conj/Air       ######....   3%          6    None
 Chain Lightning          Conj/Air       ######....   78%         8    None
 Excruciating Wounds      Chrm/Necr      ###.......   41%         5    None
 Passage of Golubria      Tloc           N/A          32%         4    None
 Tornado                  Air            ######....   100%        9    None
 Leda's Liquefaction      Hex/Erth       ###.......   32%         4    None
 Shroud of Golubria       Chrm/Tloc      ###.......   3%          2    None
 Force Lance              Conj/Tloc      #####...     4%          4    None
 Summon Guardian Golem    Hex/Summ       ###.....     10%         3    None
 Summon Mana Viper        Hex/Summ       ###.....     65%         5    None
 Irradiate                Conj/Tmut      #####.....   12%         5    None
 Gell's Gravitas          Tloc           ###.......   10%         3    None
 Yara's Violent Unravell  Hex/Tmut       ###.......   65%         5    None
 Infestation              Necr           ###.......   100%        8    None
 Lesser Beckoning         Tloc           ###.......   10%         3    None
 Poisonous Vapours        Pois/Air       #####.       1%          2    None
 Borgnjor's Vile Clutch   Necr/Erth      ###.......   58%         5    None


Dungeon Overview and Level Annotations

Branches:
Dungeon (1/1)

Altars:
Cheibriados
Dithmenos
Elyvilon
Fedhas
Gozag
Hepliaklqana
Kikubaaqudgha
Makhleb
Nemelex Xobeh
Okawaru
Qazlal
Ru
Sif Muna
Trog
Uskayaw
Vehumet
Wu Jian
Xom
Yredelemnul
Zin
The Shining One
Beogh
Jiyva
Lugonu

Shops:
D %[[:


Innate Abilities, Weirdness & Mutations

You cannot wear most types of armour.
You are very stealthy in the water. (Stealth+)
You are amphibious.
You can wear up to eight rings at the same time.
You can use your tentacles to constrict eight enemies at once.
Your skin changes colour to match your surroundings (Stealth+).
Your rubbery body absorbs attacks. (AC +1, EV +1)


Message History

The nagaraja spits poison at you. The splash of poison misses you.
Casting: Lightning Bolt (safe; 1% risk of failure)
Confirm with . or Enter, or press ? or * to list all spells.
Aiming: Lightning Bolt (safe; 1% risk of failure)
Press: ? - help, Shift-Dir - straight line, f/p - nagaraja
Aim: a nagaraja, wielding a spear and wearing a robe (flame, severely wounded, fast, catching its breath)
You hear a mighty clap of thunder!
The bolt of lightning misses the nagaraja.
The bolt of lightning misses the naga ritualist.
You feel less invigorated.
The nagaraja is engulfed in blazing flames.
The nagaraja spits poison at you. The splash of poison misses you.
The naga ritualist is engulfed in blazing flames.
You kill the naga ritualist!
Sif Muna accepts your kill.
The nagaraja is engulfed in blazing flames.
The nagaraja hits you from afar with a spear!!
You die...

▓.▓)▓.▓)▓.▓.▓.▓_
▓§▓.▓)▓.▓)▓.▓'▓.▓_
▓§▓.▓)▓.▓)▓.▓.▓.▓_
▓§▓.▓)▓)▓)▓.▓.▓.▓_
▓§▓.▓)▓.▓)▓.▓.▓.▓_
▓§▓.▓)▓.▓)▓.▓.▓.▓_
▓N▓.▓)▓.▓)▓.▓.▓.▓'
▓§▓.▓)▓)▓)▓)▓.▓.▓.
▓@▓.▓)▓.▓)▓.▓.▓.▓.
▓.▓.▓.▓.▓'▓.▓.▓.▓.
▓.▓.▓=▓.▓.▓.▓.▓.▓.
▓.▓.▓.▓.▓.▓.▓.▓.▓[
▓.▓.▓.▓.▓.▓.▓.▓.▓'
▓.▓.▓'▓.▓.▓.▓.▓.▓.
▓.▓.▓.▓.▓.▓.▓.▓.▓.
▓.▓.▓.▓.▓.▓.▓'▓.▓.
▓.▓.▓.▓.▓)▓.▓.▓.▓.


You could see a nagaraja.

Vanquished Creatures
  A fire giant (D)
  An ettin (D)
  Erolcha (D)
  Harold (D)
  A naga warrior (D)
  2 hydras (D)
  A centaur warrior (D)
  2 anacondas (D)
  A tengu warrior (D)
  A two-headed ogre (D)
  An orc high priest (D)
  A naga sharpshooter (D)
  An unseen horror (D)
  A naga ritualist (D)
  2 orc knights (D)
  3 ugly things (D)
  An elephant (D)
  Maurice (D)
  3 black mambas (D)
  A gargoyle (D)
  A spiny frog (D)
  A komodo dragon (D)
  2 tengu conjurers (D)
  A troll (D)
  2 hippogriffs (D)
  A yak (D)
  A yak (shapeshifter) (D)
  3 wargs (D)
  A naga (D)
  2 porcupines (D)
  3 water moccasins (D)
  2 hell hounds (D)
  19 orc warriors (D)
  3 wolves (D)
  2 centaurs (D)
  A boggart (D)
  2 crocodiles (D)
  7 bullfrogs (D)
  2 crimson imps (D)
  A jelly (D)
  5 orc priests (D)
  7 orc wizards (D)
  An iguana (D)
  A worker ant (D)
  An adder (D)
  6 orcs (D)
  A bat skeleton (D)
  A hobgoblin (D)
  2 kobolds (D)
  A jackal zombie (D)
  2 rats (D)
112 creatures vanquished.

Notes
Turn   | Place    | Note
-------+----------+-------------------------------------------
     0 | D        | emperorscorpion the Octopode Air Elementalist began the quest for the Orb.
     0 | D        | Reached XP level 1. HP: 11/11 MP: 3/3
   168 | D        | Noticed a centaur
   168 | D        | Noticed a crimson imp
   176 | D        | Killed a centaur
   176 | D        | Reached skill level 4 in Spellcasting
   176 | D        | Reached XP level 2. HP: 8/17 MP: 1/7
   176 | D        | Reached XP level 3. HP: 10/21 MP: 1/9
   176 | D        | Reached XP level 4. HP: 13/27 MP: 1/10
   181 | D        | Reached skill level 5 in Spellcasting
   208 | D        | Found a roughly hewn altar of Beogh.
   208 | D        | Found a snail-covered altar of Cheibriados.
   208 | D        | Found a shadowy altar of Dithmenos.
   208 | D        | Found a white marble altar of Elyvilon.
   208 | D        | Found a blossoming altar of Fedhas.
   208 | D        | Found an opulent altar of Gozag.
   209 | D        | Found a hazy altar of Hepliaklqana.
   210 | D        | Found a viscous altar of Jiyva.
   211 | D        | Found an ancient bone altar of Kikubaaqudgha.
   212 | D        | Found a corrupted altar of Lugonu.
   213 | D        | Found a burning altar of Makhleb.
   214 | D        | Found a sparkling altar of Nemelex Xobeh.
   215 | D        | Found an iron altar of Okawaru.
   216 | D        | Found a stormy altar of Qazlal.
   217 | D        | Found a sacrificial altar of Ru.
   218 | D        | Found a deep blue altar of Sif Muna.
   219 | D        | Found a bloodstained altar of Trog.
   220 | D        | Found a hide-covered altar of Uskayaw.
   221 | D        | Found a radiant altar of Vehumet.
   222 | D        | Found an ornate altar of the Wu Jian Council.
   223 | D        | Found a shimmering altar of Xom.
   224 | D        | Found a basalt altar of Yredelemnul.
   225 | D        | Found a glowing silver altar of Zin.
   226 | D        | Became a worshipper of Sif Muna the Loreminder
   227 | D        | Found a glowing golden altar of the Shining One.
   259 | D        | Learned a level 2 spell: Swiftness
   264 | D        | Learned a level 4 spell: Airstrike
   428 | D        | Noticed a bullfrog
   428 | D        | Noticed a bullfrog
   460 | D        | Killed a bullfrog
   460 | D        | Reached skill level 6 in Spellcasting
   460 | D        | Reached XP level 5. HP: 15/32 MP: 2/13
   460 | D        | Reached * piety under Sif Muna
   460 | D        | Reached skill level 1 in Fighting
   460 | D        | Reached skill level 1 in Bows
   460 | D        | Reached skill level 5 in Stealth
   460 | D        | Reached XP level 6. HP: 18/38 MP: 2/15
   495 | D        | Learned a level 5 spell: Lightning Bolt
   511 | D        | Reached skill level 7 in Spellcasting
   537 | D        | Reached ** piety under Sif Muna
   555 | D        | Reached skill level 1 in Long Blades
   653 | D        | Noticed a troll
   653 | D        | Noticed a red ugly thing
   653 | D        | Noticed a gargoyle
   655 | D        | Reached skill level 8 in Spellcasting
   659 | D        | Killed a gargoyle
   659 | D        | Reached *** piety under Sif Muna
   659 | D        | Reached skill level 5 in Dodging
   659 | D        | Reached skill level 9 in Spellcasting
   659 | D        | Reached skill level 1 in Charms
   659 | D        | Reached skill level 10 in Air Magic
   659 | D        | Reached skill level 1 in Evocations
   659 | D        | Reached XP level 7. HP: 26/45 MP: 16/19
   660 | D        | Killed a red ugly thing
   660 | D        | Reached **** piety under Sif Muna
   660 | D        | Reached skill level 10 in Spellcasting
   660 | D        | Reached XP level 8. HP: 30/52 MP: 17/22
   668 | D        | Killed a troll
   971 | D        | Noticed a yak
   971 | D        | Noticed an eight-headed hydra
   973 | D        | Noticed a hippogriff
   973 | D        | Reached ***** piety under Sif Muna
   973 | D        | Identified Sif Muna's Reference Book on Quantum Darkness (Sif Muna gifted it to you in the Dungeon)
   973 | D        | Received a gift from Sif Muna
   973 | D        | Reached XP level 9. HP: 58/58 MP: 17/23
   974 | D        | Killed an eight-headed hydra
   974 | D        | Reached skill level 11 in Spellcasting
   974 | D        | Reached skill level 5 in Invocations
   977 | D        | Reached skill level 5 in Evocations
  1094 | D        | Reached skill level 12 in Spellcasting
  1157 | D        | Noticed a spiny frog
  1157 | D        | Noticed an elephant
  1157 | D        | Noticed a seven-headed hydra
  1159 | D        | Killed a spiny frog
  1159 | D        | Reached XP level 10. HP: 13/65 MP: 20/26
  1160 | D        | Killed a seven-headed hydra
  1160 | D        | Identified Sif Muna's Incunabulum of Feathers (Sif Muna gifted it to you in the Dungeon)
  1160 | D        | Received a gift from Sif Muna
  1160 | D        | Reached skill level 5 in Long Blades
  1160 | D        | Killed an elephant
  1160 | D        | Reached skill level 5 in Fighting
  1160 | D        | Reached skill level 13 in Spellcasting
  1169 | D        | Learned a level 6 spell: Deflect Missiles
  1174 | D        | Noticed a black mamba
  1177 | D        | Killed a black mamba
  1425 | D        | Identified Sif Muna's Papyrus of the Evil Oath (Sif Muna gifted it to you in the Dungeon)
  1425 | D        | Received a gift from Sif Muna
  1456 | D        | Learned a level 3 spell: Regeneration
  1649 | D        | Noticed Harold
  1655 | D        | Noticed Erolcha
  1764 | D        | Killed Harold
  1764 | D        | Reached skill level 14 in Spellcasting
  1764 | D        | Reached XP level 11. HP: 72/72 MP: 2/29
  1863 | D        | Killed Erolcha
  1863 | D        | Reached skill level 5 in Bows
  1863 | D        | Reached skill level 5 in Conjurations
  2026 | D        | Noticed Maurice
  2031 | D        | Killed Maurice
  2185 | D        | Identified Sif Muna's Reference Book on Lethal Curses (Sif Muna gifted it to you in the Dungeon)
  2185 | D        | Received a gift from Sif Muna
  2369 | D        | Learned a level 5 spell: Venom Bolt
  2369 | D        | Noticed an orc high priest
  2376 | D        | Noticed a sixfirhy
  2376 | D        | Killed an orc high priest
  2566 | D        | Received a gift from Sif Muna
  2571 | D        | Learned a level 2 spell: Blink
  2729 | D        | Found Enap's Book Boutique.
  2729 | D        | Noticed an orc knight
  2737 | D        | Killed an orc knight
  2737 | D        | Reached skill level 15 in Spellcasting
  2750 | D        | Found Vousomya's Armour Shop.
  2813 | D        | Reached ****** piety under Sif Muna
  2843 | D        | Noticed an orc knight
  2855 | D        | Killed an orc knight
  3034 | D        | Found Tonnew's Armour Boutique.
  3037 | D        | Found Taemokke's Food Shop.
  3167 | D        | Found the +1 cloak of Starlight {rElec rC+ EV+4 Stlth--}
  3193 | D        | Noticed a two-headed ogre
  3193 | D        | Noticed a brown ugly thing
  3194 | D        | Identified Sif Muna's Reference Book on Mutagenic Envenoming (Sif Muna gifted it to you in the Dungeon)
  3194 | D        | Received a gift from Sif Muna
  3196 | D        | Killed a brown ugly thing
  3198 | D        | Killed a two-headed ogre
  3198 | D        | Reached skill level 10 in Invocations
  3198 | D        | Reached skill level 10 in Evocations
  3200 | D        | Noticed an ettin
  3202 | D        | Killed an unseen horror
  3202 | D        | Reached XP level 12. HP: 49/78 MP: 1/31
  3202 | D        | Noticed a fire giant
  3395 | D        | Killed an ettin
  3420 | D        | Noticed a centaur warrior
  3587 | D        | Killed a fire giant
  3587 | D        | Identified Nisasm's Catalogue of Feathery Sinister Magic (Sif Muna gifted it to you in the Dungeon)
  3587 | D        | Received a gift from Sif Muna
  3592 | D        | Killed a centaur warrior
  3592 | D        | Reached skill level 16 in Spellcasting
  3685 | D        | Noticed a tengu warrior
  3823 | D        | Killed a tengu warrior
  3974 | D        | Noticed a naga sharpshooter
  3974 | D        | Noticed an anaconda
  3974 | D        | Noticed an anaconda
  3975 | D        | Noticed a naga warrior
  3978 | D        | Killed a naga sharpshooter
  3979 | D        | Killed an anaconda
  3979 | D        | Identified Sif Muna's Disquisition on Freezing Bewitchment (Sif Muna gifted it to you in the Dungeon)
  3979 | D        | Received a gift from Sif Muna
  3980 | D        | Killed an anaconda
  3980 | D        | Noticed a nagaraja
  3986 | D        | Killed a naga warrior
  3986 | D        | Reached skill level 15 in Air Magic
  3989 | D        | Mangled by a nagaraja

Vault maps used:
D:        linesprint

Skill      XL: |  1  2  3  4  5  6  7  8  9 10 11 12 |
---------------+-------------------------------------+-----
Stealth        | 4 5 6 7 |  7.6
Dodging        | 3 4 5 6 7 |  7.0
Spellcasting   | 4 6 9 10 12 14 15 16 | 16.7
Air Magic      | 6 7 8 10 11 12 13 15 | 15.0
Conjurations   | 2 3 4 7 9 |  9.7
Fighting       | 1 2 3 4 5 6 |  6.0
Bows           | 1 2 3 4 5 |  5.0
Long Blades    | 2 3 4 5 |  5.7
Charms         | 1 2 |  2.5
Evocations     | 1 2 3 5 8 10 12 | 12.1
Invocations    | 3 6 8 10 12 | 12.1
Necromancy     | |  0.8

Action                   |  1- 3 |  4- 6 |  7- 9 | 10-12 || total
-------------------------+-------+-------+-------+-------++-------
Melee: Dagger            |     3 |     8 |       |       ||    11
       Unarmed           |     2 |       |       |       ||     2
       Constrict         |     1 |     4 |       |     2 ||     7
       Scimitar          |       |     8 |       |     5 ||    13
       Tentacles         |       |     4 |       |     2 ||     6
       Staff             |       |       |       |     2 ||     2
 Fire: Shortbow          |       |     1 |     1 |    48 ||    50
 Cast: Shock             |     5 |     6 |       |    27 ||    38
       Airstrike         |       |     2 |     4 |    11 ||    17
       Swiftness         |       |     1 |       |     1 ||     2
       Lightning Bolt    |       |       |     8 |    96 ||   104
       Deflect Missiles  |       |       |       |     2 ||     2
       Regeneration      |       |       |       |     1 ||     1
       Blink             |       |       |       |    11 ||    11
Invok: Channel Magic     |       |       |       |     5 ||     5
       Divine Energy     |       |       |       |     1 ||     1
Evoke: Wand              |       |     6 |     2 |     1 ||     9
       Lamp of fire      |       |       |     2 |     9 ||    11
  Use: Potion            |     1 |     1 |       |       ||     2
  Eat: Chunk             |       |       |     2 |    10 ||    12
       Ration            |       |       |       |     1 ||     1
Armor: Skin              |     2 |     1 |     1 |     1 ||     5
Dodge: Dodged            |     9 |    21 |     3 |    69 ||   102
       Deflected         |       |       |       |     6 ||     6
       Rpst.: Scimitar   |       |     5 |       |     1 ||     6

Table legend:
 A = Spawn XP
 B = Non-spawn XP
 C = Spawn XP percentage of total XP
 D = Spawn monster count
 E = Non-spawn monster count
 F = Spawn count percentage of total count
 G = Total turns spent on level
                    A         B        C        D         E        F      G
               +---------+---------+-------+---------+---------+-------+---------
         Total |       0 |   30140 |   0.0 |       0 |     112 |   0.0 |  3989
               +---------+---------+-------+---------+---------+-------+---------
             D |       0 |   30140 |   0.0 |       0 |     112 |   0.0 |  3989
               +---------+---------+-------+---------+---------+-------+---------
